 Dungeon Crawl Stone Soup version 0.31.0-32-g396128a36d (webtiles) character file.

Game seed: 11747851387597855667

3326 monokles the Ducker (level 9, -1/91 (103) HPs)
             Began as a Demonspawn Gladiator on Apr 10, 2024.
             Was an Initiate of Wu Jian.
             Slain by a wight
             ... wielding a +0 war axe
              (8 damage)
             ... on level 6 of the Dungeon.
             The game lasted 00:15:17 (5433 turns).

monokles the Ducker (Demonspawn Gladiator)          Turns: 5433, Time: 00:15:18

HP:   -1/91 (103)   AC: 24    Str: 17    XL:     9   Next: 71%
MP:   9/9           EV:  2    Int: 12    God:    Wu Jian [......]
Gold: 252           SH:  0    Dex: 16    Spells: 8/8 levels left

rFire   . . .        g - +10 dagger of the Inviting Visionary {elec, Int+3}
rCold   . . .        (no shield)
rNeg    . . .        a - melded +0 leather armour
rPois   +            j - melded +0 helmet {SInv}
rElec   .            (cloak currently unavailable)
rCorr   +            (gloves currently unavailable)
SInv    .            F - melded +0 pair of boots
Will    .....        C - amulet of regeneration
Stlth   +            n - ring of resist corrosion
HPRegen 1.15/turn    (no ring)
MPRegen 0.11/turn

%: no passive effects
@: tree-form, heavily drained
A: stationary, stasis, torment immunity, boosted hp, (claws 1), (slimy green
scales 2), ignite blood 1, powered by death 1
a: Renounce Religion


You were on level 6 of the Dungeon.
You worshipped Wu Jian.
Wu Jian was noncommittal.
You were a tree.
You visited 2 branches of the dungeon, and saw 8 of its levels.
You also visited: Ossuary.

You collected 252 gold pieces.

Inventory:

Hand Weapons
 g - the +10 dagger of the Inviting Visionary (weapon) {elec, Int+3}
   (You found it on level 2 of the Dungeon)

   Int+3:     It affects your intelligence (+3).
Missiles
 c - 3 throwing nets (quivered)
 o - a javelin
Armour
 a - a +0 leather armour (melded)
 j - a +0 helmet of see invisible (melded)
 q - an orb of wrath
 F - a +0 pair of boots (melded)
Jewellery
 n - a ring of resist corrosion (left branch)
 C - an amulet of regeneration (around neck)
Wands
 G - a wand of light (14)
Scrolls
 k - 2 scrolls of revelation
 t - a scroll of fog
 D - a scroll of poison
Potions
 b - a potion of attraction {unknown}
 f - a potion of brilliance {unknown}
 i - 2 potions of magic
 l - a potion of haste {unknown}
 s - 2 potions of mutation {unknown}
 u - 2 potions of enlightenment {unknown}
 v - 2 potions of degeneration {unknown}
 x - 2 potions of berserk rage {unknown}
 z - a potion of might {unknown}
 A - a potion of curing
 B - a potion of cancellation {unknown}


   Skills:
 + Level 5.8 Fighting
 + Level 4.6 Short Blades
 - Level 2.2 Throwing
 * Level 7.9 Dodging
 * Level 7.9 Unarmed Combat


You had 8 spell levels left.
You didn't know any spells.
Your spell library contained the following spells:

 Spells                   Type           Power      Damage    Failure   Level
 Blink                    Tloc           0%         N/A       45%         2
 Lesser Beckoning         Tloc           0%         N/A       45%         2
 Momentum Strike          Conj/Tloc      0%         3d8       45%         2


Dungeon Overview and Level Annotations

Branches:
Dungeon (7/15)             Temple (1/1) D:4         Ossuary (visited)

Altars:
Ashenzari
Cheibriados
Fedhas
Gozag
Hepliaklqana
Makhleb
Nemelex Xobeh
Okawaru
Qazlal
Ru
Sif Muna
Trog
Uskayaw
Vehumet
Wu Jian
Xom

Shops:
D:4 [   D:6 *

Annotations:
D:5 2 transporters, Quickbrownfox's ghost, novice OpSh
D:7 Jeremiah; Maggie


Innate Abilities, Weirdness & Mutations

You are a tree.
Your roots penetrate the ground, keeping you stationary.
You cannot be teleported.
You are immune to unholy pain and torment.
Your maximum health is greatly increased.
Your equipment is partially melded.
((You have sharp fingernails.))
((You are mostly covered in slimy green scales. (AC +3)))
Your demonic aura sometimes causes spilled blood to erupt in flames.
You regenerate a little health from kills.


Message History

Things that are here:
a +4 short sword; a +0 robe
There is a stone staircase leading down here.
You climb downwards.
Level annotation: Jeremiah; Maggie The wight hits you with a +0 war axe!
You feel drained. The iguana misses you. The wight misses you.
The wight hits you with a +0 scimitar!
There is a stone staircase leading up, spattered with blood here.
The wight hits you with a +5 dire flail of freezing!!
You feel drained. The wight freezes you. The wight misses you.
The iguana closely misses you. The wight hits you with a +0 war axe!
* * * LOW HITPOINT WARNING * * *
The wight closely misses you.
You climb upwards.
There is a stone staircase leading down here.
The air fills with toxic fumes!
As you read the scroll of poison, it crumbles to dust.
The iguana misses you. The wight hits you with a +0 scimitar.
* * * LOW HITPOINT WARNING * * *
The wight closely misses you.
You turn into a tree.
Your +0 helmet of see invisible melds into your body.
Your +0 pair of boots melds into your body.
Your +0 leather armour melds into your body.
You feel less perceptive.
Your roots penetrate the ground.
The iguana bites you but does no damage.
The wight completely misses you. The wight hits you with a +0 war axe!
* * * LOW HITPOINT WARNING * * *
It was a potion of curing.
You feel better.
The iguana bites you but does no damage.
The wight hits you but does no damage. The wight barely misses you.
You hit the wight.
The wight is lightly damaged.
The iguana bites you but does no damage.
The wight hits you with a +0 scimitar!
* * * LOW HITPOINT WARNING * * *
You feel drained.
* * * LOW HITPOINT WARNING * * *
The wight hits you with a +0 war axe!
You die...

....###################.##
###...##.................#
....#....<.......#######.#
.......#########.# #.#
.##.....).######## #.#
.########§##§§§§# #.# ######
#§§§§§§§# #.#
############§§§l########.###
.........§§§§§zz♣zz§§§§§...#
<###########§###########.#.##
..#### #.# #.#..# #...### #.#
#.##.# ###...# #.#### #..#.#
#####.### ##....## ##.#.#
#####...###......## #.#.#
#######..#........# #.#.#
.(.#####.......>..# #.#.#


You could see an iguana and 4 wights.

Vanquished Creatures
  Pikel (D:6)
  3 yaks (D:5)
  A wyvern (D:6)
  An ice beast (D:5)
  An orc warrior (D:6)
  A sky beast (D:6)
  3 black bears
  4 ogres
  2 centaurs
  2 lemures (D:6)
  An elf zombie (Ossuary)
  A wight (D:6)
  7 centaur zombies (Ossuary)
  4 hounds
  A jelly (D:5)
  3 orc priests
  5 iguanas
  3 human zombies (Ossuary)
  2 orc wizards (D:6)
  Natasha (thrice) (D:4)
  Terence (D:3)
  4 mummies
  Robin (D:4)
  9 adders
  3 gnolls (D:4)
  2 white imps
  2 ufetubi (D:5)
  A ribbon worm (D:2)
  2 dart slugs
  19 orcs
  7 ball pythons
  12 endoplasms
  3 giant cockroaches
  13 goblins
  10 hobgoblins
  6 kobolds
  3 quokkas
  6 bats
  4 frilled lizards
  5 rats
162 creatures vanquished.

Vanquished Creatures (collateral kills)
  A hobgoblin (D:4)
1 creature vanquished.

Vanquished Creatures (others)
  A yak (D:5)
1 creature vanquished.

Grand Total: 164 creatures vanquished

Notes
Turn   | Place    | Note
-------+----------+-------------------------------------------
     0 | D:1      | monokles the Demonspawn Gladiator began the quest for the
                  | Orb.
     0 | D:1      | Reached XP level 1. HP: 16/16 MP: 1/1
    82 | D:1      | Gained mutation: Your demonic aura sometimes causes spilled
                  | blood to erupt in flames. [demonic ancestry]
    82 | D:1      | Reached XP level 2. HP: 22/22 MP: 2/2
   632 | D:2      | Reached XP level 3. HP: 27/27 MP: 3/3
   661 | D:2      | Identified the +10 dagger of the Inviting Visionary {elec,
                  | Int+3}
   792 | D:2      | Gained mutation: You are partially covered in slimy green
                  | scales. (AC +2) [demonic ancestry]
   792 | D:2      | Reached XP level 4. HP: 31/34 MP: 4/4
  1065 | D:3      | Noticed Terence
  1080 | D:3      | Killed Terence
  1089 | D:3      | Reached XP level 5. HP: 39/39 MP: 5/5
  1624 | D:4      | Noticed Robin
  1626 | D:4      | Killed Robin
  1630 | D:4      | Reached skill level 1 in Short Blades
  1633 | D:4      | Noticed a centaur
  1691 | D:4      | Noticed an ogre
  1711 | D:4      | Killed an ogre
  1712 | D:4      | Gained mutation: You have sharp fingernails. [demonic
                  | ancestry]
  1712 | D:4      | Reached XP level 6. HP: 47/47 MP: 6/6
  1907 | D:4      | Found Rudau's Antique Armour Emporium.
  2102 | D:4      | You fall into a shaft and drop 2 floors!
  2108 | D:6      | Found a sparkling altar of Nemelex Xobeh.
  2129 | D:6      | Gained mutation: You are mostly covered in slimy green
                  | scales. (AC +3) [demonic ancestry]
  2129 | D:6      | Reached XP level 7. HP: 22/52 MP: 7/7
  2145 | D:6      | Reached skill level 5 in Dodging
  2147 | D:6      | Reached skill level 5 in Unarmed Combat
  2269 | D:6      | Found a sand-covered staircase.
  2278 | Ossuary  | Entered an ossuary
  2398 | Ossuary  | Gained mutation: You regenerate a little health from kills.
                  | [demonic ancestry]
  2398 | Ossuary  | Reached XP level 8. HP: 60/60 MP: 8/8
  2798 | D:5      | Entered Level 5 of the Dungeon
  2932 | D:6      | Found Othun's Neck Hole.
  3155 | D:7      | Noticed Maggie
  3155 | D:7      | Noticed Jeremiah
  3155 | D:7      | Noticed Pikel
  3326 | D:5      | Identified the +1 dagger "Olakou" {elec, rElec rPois
                  | Stlth+}
  3419 | D:5      | Reached skill level 5 in Fighting
  3432 | D:5      | Reached XP level 9. HP: 59/68 MP: 9/9
  3714 | D:5      | Found a transporter.
  3731 | D:5      | Found a transporter.
  3734 | D:5      | Noticed Quickbrownfox's ghost (novice OpSh)
  4222 | D:4      | Noticed Natasha
  4227 | D:4      | Killed Natasha
  4366 | D:4      | Found a staircase to the Ecumenical Temple.
  4474 | Temple   | Entered the Ecumenical Temple
  4489 | Temple   | Became a worshipper of the Wu Jian Council
  4731 | D:4      | Noticed Natasha
  4741 | D:4      | Killed Natasha
  4765 | D:4      | Noticed Natasha
  4771 | D:4      | Killed Natasha
  4906 | D:6      | Killed Pikel
  5433 | D:6      | Slain by a wight

Illustrated notes

Levels and vault maps discovered:
D:1:      erik_arrival_blinker_ship, layout_rooms
D:2:      layout_basic
D:3:      layout_rooms, uniq_terence
D:4:      layout_gridville, temple_hall, serial_shops, shop, uniq_natasha,
          uniq_robin
D:5:      layout_basic, gammafunk_ghost_hive
D:6:      layout_rooms, mainiacjoe_overflow_concentric_impassable,
          gup_ossuary_entry_pyramid, nicolae_shop_sticking_my_neck_out
D:7:      minmay_chambers_of_sevens, layout_basic, serial_shops,
          nicolae_shop_crystal, uniq_maggie, uniq_jeremiah, uniq_pikel
Temple:   regret_index_temple_mists

Skill      XL: |  1  2  3  4  5  6  7  8  9 |
---------------+----------------------------+-----
Dodging        | 3 4 5 6 7 |  7.9
Unarmed Combat | 3 4 5 6 7 |  7.9
Throwing       | 2 |  2.2
Short Blades   | 1 2 3 4 |  4.6
Fighting       | 3 4 5 |  5.8

Action                     |  1- 3 |  4- 6 |  7- 9 || total
---------------------------+-------+-------+-------++-------
  Melee: Unarmed           |    76 |       |       ||    76
         Punch             |     4 |     3 |    10 ||    17
         Dagger            |    18 |   108 |   258 ||   384
  Throw: Javelin           |     1 |       |     2 ||     3
Ability: Lunge             |       |       |     1 ||     1
  Evoke: Wand              |       |     2 |     2 ||     4
    Use: Scroll            |       |     4 |    13 ||    17
         Potion            |       |     1 |     4 ||     5
   Stab: Sleeping          |       |     1 |       ||     1
 Armour: Leather armour    |    31 |    47 |   134 ||   212
         Skin              |       |     6 |    37 ||    43
  Dodge: Dodged            |    61 |    83 |   160 ||   304
